 Dungeon Crawl Stone Soup version 0.29.1-12-g30fa7ad0bf (webtiles) character file.

Game seed: 16739654326058170392

195885 retardedninja the Executioner (level 18, -1/280 HPs)
             Began as a Hill Orc Fighter on Jan 3, 2023.
             Was an Initiate of Gozag.
             Shot with an arrow by a naga sharpshooter (17 damage)
             ... on level 4 of the Snake Pit.
             The game lasted 01:17:34 (41366 turns).

retardedninja the Executioner (Hill Orc Fighter)   Turns: 41366, Time: 01:17:34

Health: -1/280     AC: 29    Str: 31    XL:     18   Next: 35%
Magic:  18/18      EV:  2    Int: 16    God:    Gozag
Gold:   263        SH:  0    Dex: 11    Spells: 17/17 levels left

rFire   + . .      SeeInvis .   s - +8 mithril axe "Arga" {speed, Will+}
rCold   + . .      Faith    .   a - +3 tower shield
rNeg    . . .      Spirit   .   (body armour currently unavailable)
rPois   +          Reflect  .   (helmet currently unavailable)
rElec   +          Harm     .   (cloak currently unavailable)
rCorr   +          Rampage  +   (gloves currently unavailable)
Will    ++...      Clarity  +   (boots currently unavailable)
Stlth   +......... NoTele   +   J - amulet "Ujiqosam" {Rampage rElec Regen+ Dex+3}
HPRegen 1.36/turn               t - +6 ring of strength
MPRegen 0.16/turn               l - +4 ring of slaying

@: confused, mighty, brilliant, tree-form (expiring), resistant (expiring),
ambrosia-drunk, weakened, gold aura, hasted and slowed
A: stationary, stasis, torment immunity, boosted hp, clarity, clever 2, robust 1
}: 1/15 runes: decaying
a: End Transformation, Renounce Religion, Potion Petition, Call Merchant, Bribe
Branch


You were on level 4 of the Snake Pit.
You worshipped Gozag.
Gozag was aware of your devotion.
You were a tree.
You visited 5 branches of the dungeon, and saw 30 of its levels.
You also visited: Bailey.

You collected 11760 gold pieces.
You spent 5390 gold pieces at shops.
You paid 6107 gold pieces to Gozag.

Inventory:

Hand Weapons
 s - the +8 mithril axe "Arga" (weapon) {speed, Will+}
   (You acquired it on level 8 of the Dungeon)

   Attacks with this weapon are significantly faster.
   Will:      It increases your willpower.
Missiles
 H - 8 silver javelins
Armour
 a - a +3 tower shield (worn)
 n - the +4 scale mail "Qoimn" (melded) {rCorr MP-9 Str+5 Stlth+}
   (You found it in a bailey)

   Str:       It affects your strength (+5).
   MP:        It affects your magic capacity (-9).
   rCorr:     It protects you from acid and corrosion.
   Stlth:     It makes you more stealthy.
 o - a +0 pair of gloves (melded)
 B - a +0 cloak of poison resistance (melded)
 I - a +1 helmet (melded)
 K - a +0 pair of boots (melded)
Jewellery
 l - a +4 ring of slaying (right branch)
 t - a +6 ring of strength (left branch)
 J - the amulet "Ujiqosam" (around neck) {Rampage rElec Regen+ Dex+3}
   (You bought it in a shop on level 6 of the Dungeon)

   [amulet of regeneration]

   Dex:       It affects your dexterity (+3).
   rElec:     It insulates you from electricity.
   Regen:     It increases your rate of health regeneration.
   Rampage:   It bestows one free step when moving towards enemies.
Wands
 b - a wand of mindburst (8)
 d - a wand of flame (63)
 g - a wand of polymorph (5)
 v - a wand of acid (1)
 x - a wand of paralysis (8)
 y - a wand of digging (13)
Scrolls
 c - 2 scrolls of torment
 f - a scroll of magic mapping
 h - 4 scrolls of fear
 q - 5 scrolls of butterflies
 r - a scroll of amnesia
 E - 2 scrolls of poison
 G - a scroll of silence
Potions
 i - 5 potions of lignification
 k - 4 potions of brilliance
 p - 8 potions of curing
 u - a potion of flight
 w - 3 potions of resistance
 z - a potion of might
 C - 2 potions of ambrosia
 N - a potion of mutation
Miscellaneous
 e - a phantom mirror
 A - a lightning rod (4/4)


   Skills:
 + Level 17.4 Fighting
 * Level 24.4 Axes
 - Level 0.5 Throwing
 + Level 17.3 Armour
 - Level 0.6 Dodging
 - Level 0.2 Stealth
 + Level 14.9 Shields
 + Level 13.1 Evocations


You had 17 spell levels left.
You didn't know any spells.
Your spell library contained the following spells:

 Spells                   Type           Power      Damage    Failure   Level
 Apportation              Tloc           0%         N/A       67%         1
 Summon Small Mammal      Summ           0%         N/A       67%         1
 Blink                    Tloc           0%         N/A       80%         2
 Scorch                   Fire           0%         2d5       80%         2
 Static Discharge         Conj/Air       0%         3-3/arc   80%         2
 Call Canine Familiar     Summ           0%         N/A       95%         3
 Gell's Gravitas          Tloc           0%         N/A       95%         3
 Summon Guardian Golem    Hex/Summ       0%         N/A       95%         3
 Teleport Other           Tloc           0%         N/A       95%         3
 Anguish                  Hex/Necr       0%         N/A       100%        4
 Flame Wave               Conj/Fire      0%         2d4       100%        4
 Passage of Golubria      Tloc           0%         N/A       100%        4
 Alistair's Intoxication  Tmut/Pois      0%         N/A       100%        5
 Iskenderun's Battlesphe  Conj           0%         2d6       100%        5
 Lightning Bolt           Conj/Air       0%         1d11      100%        5
 Manifold Assault         Tloc           0%         N/A       100%        5
 Silence                  Hex/Air        0%         N/A       100%        5
 Conjure Ball Lightning   Conj/Air       0%         3x3d6     100%        6
 Dispersal                Tloc           0%         N/A       100%        6
 Iron Shot                Conj/Erth      0%         9d1       100%        6
 Summon Cactus Giant      Summ           0%         N/A       100%        6
 Enfeeble                 Hex            0%         N/A       100%        7
 Spellforged Servitor     Conj/Summ      0%         N/A       100%        7
 Storm Form               Tmut/Air       0%         N/A       100%        7
 Discord                  Hex            0%         N/A       100%        8
 Disjunction              Tloc           0%         N/A       100%        8
 Lehudib's Crystal Spear  Conj/Erth      0%         10d2      100%        8
 Maxwell's Capacitive Co  Air            0%         ∞         100%        8


Dungeon Overview and Level Annotations

Branches:
Dungeon (15/15)            Temple (0/1) D:6            Lair (5/5) D:11
  Swamp (4/4) Lair:2        Snake (4/4) Lair:2        Slime (0/5) Lair:4
    Orc (2/2) D:11            Elf (0/3) Orc:2        Vaults (0/5) D:14
 Depths (0/4) D:15         Bailey (visited)

Altars:
Cheibriados
Elyvilon
Gozag
Hepliaklqana
Kikubaaqudgha
Okawaru
Sif Muna
Trog
Vehumet
Wu Jian
Xom
Yredelemnul
Beogh

Shops:
D:6 *   D:11 [   D:13 =   D:14 ?*   Orc:2 ((?:?!:(   Snake:2 =:=

Portals:
Trove: D:13 (give +6 demon trident)

Annotations:
D:8 2 transporters, SirLogeyBear's ghost, novice HOBe
D:10 2 transporters
Lair:4 1 runed translucent door
Snake:4 Vashnia


Innate Abilities, Weirdness & Mutations

You are a tree.
Your roots penetrate the ground, keeping you stationary.
You cannot be teleported.
You are immune to unholy pain and torment.
Your maximum health is greatly increased.
Your equipment is partially melded.
You possess an exceptional clarity of mind.
Your mind is very acute. (Int +8, Str/Dex -2)
You are robust. (+10% HP)


Message History

* * * LOW HITPOINT WARNING * * *
The bolt freezes you.
* * * LOW HITPOINT WARNING * * *
Unknown command.
You feel very sick.
* * * LOW HITPOINT WARNING * * *
You are more poisoned.
The naga ritualist's toxic aura wanes.
You block the naga mage's attack.
The naga sharpshooter shoots an arrow.
You block the arrow.
Vashnia is distracted by your dazzling golden aura.
Vashnia shouts!
You feel better.
The naga is no longer distracted by gold.
You block the naga mage's attack.
The naga sharpshooter shoots an arrow.
You block the arrow.
Okay, then.
Aiming: Throw Flame
Press: ? - help, Shift-Dir - straight line, f/p - Vashnia
Aim: Vashnia, wielding a +0 arbalest of freezing and wearing a +1 barding of stealth (heavily wounded, concentrated venom, 58% to hit)
The puff of flame hits Vashnia.
Vashnia is heavily wounded.
Vashnia is no longer distracted by gold.
You start to feel less resistant.
The naga sharpshooter is no longer distracted by gold.
Vashnia shoots a bolt.
The bolt hits you!
* * * LOW HITPOINT WARNING * * *
The bolt freezes you.
* * * LOW HITPOINT WARNING * * *
The naga sharpshooter shoots an arrow.
The arrow hits you but does no damage.
Okay, then.
You are confused.
You feel invigorated.
Vashnia gestures wildly while chanting.
Vashnia magically shoots a bolt.
The bolt hits you!
* * * LOW HITPOINT WARNING * * *
The naga sharpshooter gestures wildly while chanting.
The naga sharpshooter magically shoots an arrow.
The arrow hits you!
You die...
Your body crumbles into a pile of gold.

### ##..N##....
###§# ##§§§.NNN...
#.§§## ##§§§§$NNN...
#.§§§## ##N$$§$# ##
#.#.§§#####NN$##N.#
.#
#.###§§§##NNN##....#
#.##.##.#
###§#NNN##......#
.#..#..#
#§§§§##..[.....#
#.#..###
#§§♣§##........#
#.....#
#§#§§§##......##
#.#.##.#
§§.##§§§##....## #
#.##.# #§#####§§§# $
##<.####.# ##§§§§.#
## #.?#....#
###§§§§.
#.##.#..####
#.##§§§.. #..###.##
#.###§§.# #...##..#
##.###...


You could see Vashnia (curare), 4 naga sharpshooters, a salamander, a naga
ritualist, a naga mage (fast) and a naga.

Vanquished Creatures
  2 thorn hunters
  3 nagarajas (Snake:4)
  A fenstrider witch (Swamp:2)
  Aizul (Snake:1)
  A ghoul (Swamp:4)
  An orc warlord (Orc:2)
  An ironbound preserver (D:14)
  5 eleionomae
  6 slime creatures
  A bunyip (Swamp:2)
  3 shambling mangroves
  2 boulder beetles (D:14)
  20 hydras
  3 ghost crabs
  Erica (D:8)
  3 salamander tyrants
  5 centaur warriors
  An ogre mage (Orc:2)
  7 anacondas
  A deep troll shaman (Lair:5)
  2 death knights
  10 two-headed ogres
  A catoblepas (Lair:5)
  2 alligators
  5 naga warriors
  8 death yaks
  Urug (D:11)
  10 naga sharpshooters
  A tengu warrior (D:14)
  4 shock serpents
  5 orc high priests
  A spriggan berserker (Swamp:4)
  3 salamander mystics
  4 skeletal warriors
  5 goliath frogs
  6 naga ritualists
  11 swamp dragons
  A sphinx zombie (D:15)
  2 spriggan druids
  2 phantasmal warriors
  A lindwurm (shapeshifter) (D:14)
  3 lindwurms
  A deep elf pyromancer (D:14)
  2 orc knights
  12 bog bodies
  A wolf spider zombie (D:13)
  3 necromancers
  2 will-o-the-wisps (Swamp:4)
  7 mana vipers
  2 oklob plants (Lair:4)
  An orc sorcerer (Orc:2)
  2 ugly things
  9 salamanders
  A fire giant zombie (D:15)
  8 cyclopes
  3 manticores
  15 elephants
  A fire giant skeleton (D:15)
  A torpor snail (Lair:5)
  Maurice (D:13)
  29 black mambas
  9 naga magi
  4 guardian serpents
  Joseph (D:7)
  6 centaur zombies (D:13)
  9 centaur skeletons (D:13)
  2 gargoyles
  8 cane toads
  2 rime drakes
  2 kobold demonologists (D:12)
  2 freezing wraiths
  An unseen horror (D:8)
  2 efreet (D:15)
  4 komodo dragons
  A komodo dragon (shapeshifter) (D:15)
  A queen bee (Lair:4)
  6 meliai
  7 tyrant leeches
  9 trolls
  3 polar bears
  16 blink frogs
  An ettin zombie (D:15)
  15 hornets
  7 dream sheep (Lair:5)
  A raiju (shapeshifter) (D:15)
  3 flying skulls (D:13)
  9 spriggans
  5 shadows
  6 wraiths
  A culicivora (shapeshifter) (D:15)
  7 wyverns
  A vampire (Bailey)
  2 basilisks
  36 yaks
  10 vampire mosquitoes
  A steam dragon (shapeshifter) (D:15)
  3 steam dragons
  Edmund (D:6)
  33 nagas
  9 wargs
  14 water moccasins
  16 swamp worms
  An acid dragon (D:14)
  24 orc warriors
  7 swamp drakes
  2 black bears
  3 ice beasts
  A black bear (shapeshifter) (D:13)
  10 wolves
  10 ogres
  17 centaurs
  A phantom (D:6)
  A kobold brigand (D:9)
  7 bullfrogs
  2 scorpions
  3 necrophages
  2 gnoll sergeants
  35 killer bees
  An electric eel (Lair:4)
  6 vampire bats (Bailey)
  6 wolf zombies (Bailey)
  3 howler monkeys
  A crimson imp (D:10)
  2 jellies
  44 orc priests
  2 gnoll boudas
  2 hounds
  6 iguanas
  25 orc wizards
  A hell rat (Lair:4)
  A boggart skeleton (D:13)
  21 gnolls
  9 adders
  A shadow imp (D:7)
  A white imp (D:10)
  3 ufetubi
  3 dart slugs
  104 orcs
  8 ball pythons
  3 bats
  11 endoplasms
  6 goblins
  6 hobgoblins
  12 jackals
  14 kobolds
  6 quokkas
  6 frilled lizards
  15 orc zombies (Bailey)
  7 rats
995 creatures vanquished.

Vanquished Creatures (collateral kills)
  A centaur zombie (D:13)
  A flying skull (D:13)
  A vampire mosquito (D:13)
3 creatures vanquished.

Vanquished Creatures (others)
  A hydra (Swamp:3)
  2 bloated husks
  3 tyrant leeches
  A spriggan (Swamp:3)
  A bullfrog (D:6)
  2 orcs (D:8)
  A goblin (D:8)
  4 foxfires (Swamp:4)
  28 fungi
  48 plants
  4 withered plants (D:15)
95 creatures vanquished.

Grand Total: 1093 creatures vanquished

Notes
Turn   | Place    | Note
-------+----------+-------------------------------------------
     0 | D:1      | retardedninja the Hill Orc Fighter began the quest for the
                  | Orb.
     0 | D:1      | Reached XP level 1. HP: 19/19 MP: 1/1
    29 | D:1      | Reached XP level 2. HP: 24/27 MP: 2/2
   213 | D:1      | Reached skill level 3 in Axes
   558 | D:1      | Reached XP level 3. HP: 33/33 MP: 3/3
  1752 | D:2      | Found a faded altar of an unknown god.
  1838 | D:2      | Reached XP level 4. HP: 40/40 MP: 4/4
  2026 | D:2      | Found a white marble altar of Elyvilon.
  2409 | D:3      | Found a white marble altar of Elyvilon.
  2456 | D:3      | Reached skill level 4 in Axes
  2523 | D:3      | Found a basalt altar of Yredelemnul.
  2874 | D:4      | Reached XP level 5. HP: 47/47 MP: 5/5
  2953 | D:4      | Reached skill level 5 in Axes
  3080 | D:4      | Reached XP level 6. HP: 46/53 MP: 6/6
  3138 | D:4      | Reached skill level 6 in Axes
  3662 | D:4      | Found the +7 Throatcutter {drain, coup de grace}
  4209 | D:5      | Entered Level 5 of the Dungeon
  5148 | D:5      | Reached XP level 7. HP: 45/60 MP: 7/7
  5151 | D:5      | Reached skill level 7 in Axes
  5459 | D:5      | Reached skill level 5 in Armour
  5464 | D:5      | HP: 3/60 [ice beast (13)]
  5467 | D:5      | Reached skill level 1 in Evocations
  5712 | D:5      | Reached skill level 5 in Fighting
  5833 | D:5      | Reached skill level 8 in Axes
  5983 | D:5      | Reached XP level 8. HP: 51/68 MP: 8/8
  6158 | D:6      | Reached skill level 9 in Axes
  6521 | D:6      | Reached XP level 9. HP: 73/75 MP: 9/9
  6566 | D:6      | Noticed Edmund
  6573 | D:6      | Killed Edmund
  6574 | D:6      | Reached skill level 10 in Axes
  6574 | D:6      | Reached skill level 5 in Shields
  6741 | D:6      | Found a staircase to the Ecumenical Temple.
  6792 | D:6      | Identified the +2 robe "Yrchaumn" {rElec rPois rN+}
  6871 | D:6      | Found an opulent altar of Gozag.
  6876 | D:6      | Found Gozag's Platinum Reserve.
  6900 | D:6      | Became a worshipper of Gozag Ym Sagoz the Greedy
  7167 | D:7      | Found a snail-covered altar of Cheibriados.
  7230 | D:7      | Found a flagged portal.
  7261 | Bailey   | Entered a bailey
  7671 | Bailey   | Noticed a gargoyle
  7674 | Bailey   | Gained mutation: You are dopey. (Int -2) [potion of
                  | mutation]
  7674 | Bailey   | Gained mutation: You are agile. (Dex +4, Str/Int -1)
                  | [potion of mutation]
  7689 | Bailey   | Killed a gargoyle
  7690 | Bailey   | Reached skill level 11 in Axes
  7726 | Bailey   | Lost mutation: You are agile. (Dex +4, Str/Int -1) [potion
                  | of mutation]
  7726 | Bailey   | Lost mutation: You are dopey. (Int -2) [potion of mutation]
  7726 | Bailey   | Gained mutation: You have a pair of small horns on your
                  | head. [potion of mutation]
  7726 | Bailey   | Gained mutation: You are agile. (Dex +4, Str/Int -1)
                  | [potion of mutation]
  7792 | Bailey   | Identified the +4 scale mail "Qoimn" {rCorr MP-9 Str+5
                  | Stlth+}
  7857 | Bailey   | Identified the +0 chain mail "Letoo" {rN+ Will+ Int+4}
  7903 | Bailey   | Reached skill level 5 in Evocations
  7990 | D:7      | Reached XP level 10. HP: 86/86 MP: 1/10
  7997 | D:7      | Reached skill level 12 in Axes
  8337 | D:7      | Noticed Joseph
  8360 | D:7      | Killed Joseph
  8734 | D:7      | Found an ornate altar of the Wu Jian Council.
  8862 | D:7      | Found an ancient bone altar of Kikubaaqudgha.
  8862 | D:7      | Found a shimmering altar of Xom.
  8862 | D:7      | Found a shimmering blue altar of Sif Muna.
  9004 | D:8      | Noticed Erica
  9029 | D:8      | Killed Erica
  9030 | D:8      | Reached skill level 13 in Axes
  9217 | D:8      | Identified 2 scrolls of acquirement
  9217 | D:8      | Acquired the +8 mithril axe "Arga" {speed, Will+}
  9217 | D:8      | Found the +8 mithril axe "Arga" {speed, Will+}
  9228 | D:8      | Acquired a manual of Armour
  9242 | D:8      | Identified the +3 dagger "Sifaaz Ylufe" {antimagic, rPois
                  | Str+4 Dex-4}
  9537 | D:8      | Killed an unseen horror
  9577 | D:8      | Found a transporter.
  9581 | D:8      | Noticed SirLogeyBear's ghost (novice HOBe)
  9621 | D:8      | Found a transporter.
 10143 | D:9      | Found a bloodstained altar of Trog.
 10214 | D:9      | Reached XP level 11. HP: 94/94 MP: 2/11
 10320 | D:9      | Reached skill level 14 in Axes
 10616 | D:9      | Found a radiant altar of Vehumet.
 10716 | D:10     | Entered Level 10 of the Dungeon
 10763 | D:10     | Noticed a two-headed ogre
 10768 | D:10     | Killed a two-headed ogre
 10777 | D:10     | Found a hazy altar of Hepliaklqana.
 10779 | D:10     | Noticed a four-headed hydra
 10779 | D:10     | Noticed a stone giant
 10780 | D:10     | Noticed a two-headed ogre
 10782 | D:10     | Found a transporter.
 10782 | D:10     | Noticed a cyclops
 10785 | D:10     | Killed a two-headed ogre
 10805 | D:10     | Found a transporter.
 11638 | D:10     | Noticed a bunyip
 11682 | D:11     | Noticed a cyclops
 11689 | D:11     | Killed a cyclops
 11722 | D:11     | Reached skill level 15 in Axes
 12173 | D:11     | Found Fetaruzo's Antique Armour Boutique.
 12641 | D:11     | Noticed a cyclops
 12648 | D:11     | Killed a cyclops
 12692 | D:11     | Noticed a cyclops
 12701 | D:11     | Killed a cyclops
 12891 | D:11     | Found a staircase to the Lair.
 13127 | D:11     | Noticed a green ugly thing
 13134 | D:11     | Killed a green ugly thing
 13135 | D:11     | Reached skill level 10 in Armour
 13142 | D:11     | Noticed Urug
 13152 | D:11     | Killed Urug
 13448 | Lair:1   | Entered Level 1 of the Lair of Beasts
 13485 | Lair:1   | Noticed a death yak
 13485 | Lair:1   | Noticed a death yak
 13486 | Lair:1   | Noticed a death yak
 13512 | D:11     | Reached XP level 12. HP: 105/105 MP: 3/12
 13517 | Lair:1   | Killed a death yak
 13519 | Lair:1   | Killed a death yak
 13520 | Lair:1   | Reached skill level 16 in Axes
 13522 | Lair:1   | Killed a death yak
 13856 | Lair:1   | Identified the +6 rapier "Hill Orc's Regret" {protect,
                  | rElec rN+}
 14149 | Lair:2   | Found a staircase to the Snake Pit.
 14260 | Lair:2   | Identified the +1 chain mail of Happy Babbling {Fly Regen+
                  | Dex+2}
 14368 | Lair:2   | Reached skill level 10 in Fighting
 14483 | Lair:2   | Noticed a five-headed hydra
 14493 | Lair:2   | Killed a six-headed hydra
 14820 | Lair:2   | Found a staircase to the Swamp.
 14827 | Lair:2   | Reached skill level 17 in Axes
 15046 | Lair:2   | Identified the +4 scale mail of Elyvilon, Mauling {Str+4}
 15190 | Lair:3   | Noticed a seven-headed hydra
 15201 | Lair:3   | Killed a ten-headed hydra
 15202 | Lair:3   | Reached XP level 13. HP: 38/114 MP: 4/13
 16410 | Lair:4   | Found a runed translucent door.
 16410 | Lair:4   | Found a staircase to the Slime Pits.
 16410 | Lair:4   | Noticed an acid blob
 16410 | Lair:4   | Noticed an acid blob
 16410 | Lair:4   | Noticed an acid blob
 16781 | Lair:4   | Reached skill level 18 in Axes
 17951 | Lair:4   | Reached skill level 10 in Evocations
 18132 | Lair:5   | Entered Level 5 of the Lair of Beasts
 18285 | Lair:5   | Reached XP level 14. HP: 125/126 MP: 5/14
 18330 | Lair:5   | Reached skill level 19 in Axes
 18558 | Lair:5   | Reached skill level 10 in Shields
 18971 | Lair:5   | HP: 4/127 [catoblepas/blast of calcifying dust (9)]
 24553 | D:13     | Noticed Maurice
 24561 | D:13     | Killed Maurice
 24625 | D:13     | Reached XP level 15. HP: 134/136 MP: 6/15
 24726 | D:13     | Found a portal to a secret trove of treasure.
 24860 | D:13     | Found Ogigum's Jewellery Shop.
 25674 | D:14     | Reached skill level 20 in Axes
 25738 | D:14     | Found a gate to the Vaults.
 25883 | D:14     | Found Foobbop's Magic Scroll Shop.
 25904 | D:14     | Found Jeahy's General Store.
 25925 | D:14     | Found a gate leading to a gauntlet.
 26707 | D:15     | Entered Level 15 of the Dungeon
 26725 | D:15     | Found a staircase to the Depths.
 26982 | D:15     | Found an iron altar of Okawaru.
 27779 | D:11     | Found a staircase to the Orcish Mines.
 27959 | Orc:1    | Entered Level 1 of the Orcish Mines
 28961 | Orc:2    | Entered Level 2 of the Orcish Mines
 28962 | Orc:2    | Noticed an orc warlord
 28966 | Orc:2    | Reached skill level 15 in Fighting
 29110 | Orc:2    | Killed an orc warlord
 29165 | Orc:2    | Found a roughly hewn altar of Beogh.
 29288 | Orc:2    | Found Tawk's Distillery.
 29294 | Orc:2    | Bought 2 potions of heal wounds for 150 gold pieces
 29294 | Orc:2    | Bought a potion of might for 60 gold pieces
 29294 | Orc:2    | Bought a potion of curing for 45 gold pieces
 29310 | Orc:2    | Reached skill level 15 in Armour
 29312 | Orc:2    | Reached XP level 16. HP: 127/149 MP: 7/16
 29315 | Orc:2    | Reached skill level 21 in Axes
 29454 | Orc:2    | Found a staircase to the Elven Halls.
 29649 | Orc:2    | Found Juoniwk's Antique Weapon Boutique.
 29649 | Orc:2    | Found Ifo Ole's Book Shoppe.
 29839 | Orc:2    | Found Manoephi's Magic Scroll Shoppe.
 29903 | Orc:2    | Found Ciod's Book Shoppe.
 29903 | Orc:2    | Found Byozyqan's Magic Scroll Boutique.
 29965 | Orc:2    | Found Veycuk's Weapon Shop.
 29966 | Orc:2    | Bought a scroll of enchant armour for 105 gold pieces
 30295 | D:6      | Bought the amulet "Ujiqosam" {Rampage rElec Regen+ Dex+3}
                  | for 5030 gold pieces
 30616 | Orc:2    | Found Qiwnap's Weapon Shoppe.
 30708 | Orc:2    | Found a roughly hewn altar of Beogh.
 30994 | Swamp:1  | Entered Level 1 of the Swamp
 31859 | Swamp:1  | Lost mutation: You have a pair of small horns on your head.
                  | [potion of mutation]
 31859 | Swamp:1  | Lost mutation: You are agile. (Dex +4, Str/Int -1) [potion
                  | of mutation]
 31859 | Swamp:1  | Gained mutation: You are robust. (+10% HP) [potion of
                  | mutation]
 31859 | Swamp:1  | Gained mutation: Your mind is acute. (Int +4, Str/Dex -1)
                  | [potion of mutation]
 31859 | Swamp:1  | Gained mutation: You possess an exceptional clarity of
                  | mind. [potion of mutation]
 31859 | Swamp:1  | Gained mutation: Your mind is very acute. (Int +8, Str/Dex
                  | -2) [potion of mutation]
 31992 | Swamp:2  | Noticed a fenstrider witch
 32012 | Swamp:2  | Killed a fenstrider witch
 32187 | Swamp:2  | Noticed a thorn hunter
 32197 | Swamp:2  | Killed a thorn hunter
 32425 | Swamp:2  | Reached skill level 22 in Axes
 34419 | Swamp:4  | Entered Level 4 of the Swamp
 34519 | Swamp:4  | Reached XP level 17. HP: 82/169 MP: 8/17
 36343 | Swamp:3  | Reached skill level 23 in Axes
 37119 | Swamp:4  | Got a decaying rune of Zot
 37353 | Snake:1  | Entered Level 1 of the Snake Pit
 37557 | Snake:1  | Noticed Aizul
 37574 | Snake:1  | Killed Aizul
 38715 | Snake:2  | You fall into a shaft and drop 1 floor!
 39339 | Snake:2  | Found Zoijoj Itis's Jewellery Shop.
 39340 | Snake:2  | Found Xukhlell's Book Emporium.
 39341 | Snake:2  | Found Vaybluac's Jewellery Shop.
 40600 | Snake:4  | Entered Level 4 of the Snake Pit
 40616 | Snake:4  | Reached XP level 18. HP: 162/185 MP: 9/18
 40867 | Snake:4  | Reached skill level 24 in Axes
 41292 | Snake:4  | Noticed Vashnia
 41366 | Snake:4  | Shot with an arrow by a naga sharpshooter

Illustrated notes

Levels and vault maps discovered:
D:1:      dpeg_arrival_chambers_temple_mockup, layout_basic, roderic_lattice_a,
          serial_park_tiny_pond, minmay_tetromino_i2
D:2:      layout_basic, hellmonk_ecumenical_altar_prayer_group, basic_altar,
          minmay_misc_feat_iff
D:3:      cheibrodos_old_hovel, layout_rooms,
          mainiacjoe_overflow_small_starburst, mainiacjoe_overflow_catwalk
D:4:      layout_cave_pools
D:5:      layout_basic
D:6:      hangedman_cross_stitches, layout_basic,
          nicolae_gozag_zags_fifth_avenue, minmay_temple_entry_butterflies,
          uniq_edmund
D:7:      layout_loops_cross, nzn_wu_jian_contemplation, cheibriados_altar_1,
          gammafunk_temple_overflow_forgotten, enter_bailey_2, uniq_joseph
D:8:      corexii_shack_village, layout_loops_ring, gammafunk_ghost_stat_death,
          st_stairs_10, uniq_erica
D:9:      layout_basic, trog_three_pillars_becter, general_overflow_altar
D:10:     layout_irregular_city, gammafunk_temple_overflow_arena,
          minmay_fire_ice_demons
D:11:     layout_stronghold, lair_entry_dummy, orc_0_dummy, serial_shops, shop,
          uniq_urug
D:12:     layout_layer_cave, serial_glass, glass_columns_b, glass_columns_c
D:13:     hangedman_screamer, layout_long_grid, serial_shops,
          nicolae_shop_behind_doors, nicolae_trove_entry_isolated, uniq_maurice
D:14:     layout_stronghold, skrybe_vaults_entry_preservation, serial_shops,
          nicolae_inconvenience_store, nicolae_square_shop,
          gauntlet_entry_generic
D:15:     gammafunk_depths_entry_grave, layout_loops_ring, grunt_ministairs_8,
          okawaru_metal_pillars_1_2
Lair:1:   layout_roguey
Lair:2:   layout_chaotic_city, skrybe_swamp_entry_bodies,
          minmay_snake_entry_guardpost_small, nicolae_lair_lindhole
Lair:3:   layout_misc_corridors
Lair:4:   regret_index_harrowing_hell_hive, layout_small_grid, slime_entry_2,
          serial_bayou_shore_a
Lair:5:   grunt_lair_end_beastmaster, layout_small_grid, grunt_megastairs_4
Swamp:1:  layout_basic_swamp, evilmike_swamp_ruin_house_1,
          infiniplex_staircase_pool
Swamp:2:  layout_basic_swamp, evilmike_swamp_ruin_house_3, swamp_pool2,
          nicolae_swamp_tree_designs
Swamp:3:  layout_falls_marsh, evilmike_swamp_ruin_rubble_1
Swamp:4:  swamp_alternative, layout_basic_swamp
Snake:1:  layout_honeycomb, uniq_aizul
Snake:2:  layout_cave_shapes, minmay_shop_grove
Snake:3:  layout_basic, nicolae_snake_gridmaze_entwining, drop_trap,
          nicolae_snake_gridmaze_tees, grunt_ministairs_3
Snake:4:  johnstein_snake_rune_scales, layout_onion_interference, special_room,
          uniq_nikola
Orc:1:    layout_diamond_mine
Orc:2:    st_orc_town, layout_diamond_mine, serial_shops,
          nicolae_shop_bloodbath_and_beyond, nicolae_square_shop,
          nicolae_shop_behind_doors, nicolae_shop_stone, mines1_david

Skill      XL: |  1  2  3  4  5  6  7  8  9 10 11 12 13 14 15 16 17 18 |
---------------+-------------------------------------------------------+-----
Axes           | 3 4 5 6 8 9 11 13 15 17 18 19 20 22 23 24 | 24.4
Fighting       | 4 5 6 7 8 9 10 12 13 15 16 17 | 17.4
Armour         | 4 5 6 7 8 10 11 12 14 15 16 17 | 17.3
Shields        | 4 5 6 7 8 9 11 12 13 14 | 14.9
Evocations     | 1 3 5 6 7 9 10 11 12 13 | 13.1
Throwing       | |  0.5
Dodging        | |  0.6
Stealth        | |  0.2

Action                   |  1- 3 |  4- 6 |  7- 9 | 10-12 | 13-15 | 16-18 || total
-------------------------+-------+-------+-------+-------+-------+-------++-------
Melee: War axe           |    89 |   169 |   255 |    74 |       |       ||   587
       Headbutt          |       |       |     7 |    55 |   206 |    36 ||   304
       Broad axe         |       |       |       |   247 |   769 |   991 ||  2007
Throw: Javelin           |       |       |       |       |     6 |       ||     6
Invok: Potion Petition   |       |       |     1 |       |     2 |    12 ||    15
Evoke: Wand              |       |       |       |    13 |    21 |     7 ||    41
       Lightning rod     |       |       |       |     5 |       |       ||     5
  Use: Scroll            |       |    11 |     4 |    13 |    12 |    10 ||    50
       Potion            |       |     2 |     6 |     4 |     6 |    23 ||    41
 Stab: Invisible         |       |       |     1 |       |       |     1 ||     2
       Distracted        |       |       |     2 |     3 |    16 |    13 ||    34
       Sleeping          |       |       |       |       |       |     1 ||     1
Armor: Scale mail        |    36 |    18 |   114 |   121 |   244 |   390 ||   923
       Chain mail        |       |    85 |    22 |       |       |       ||   107
       Skin              |       |       |     8 |       |       |    17 ||    25
Dodge: Dodged            |    42 |    63 |   106 |    75 |   155 |   201 ||   642
Block: Buckler           |    19 |    37 |    73 |    21 |       |       ||   150
       Tower shield      |       |       |       |   136 |   581 |   882 ||  1599
